Map: Lightshade LE

Players

JusticeSimon

  • Race: Protoss Protoss
  • League: Master
  • Spawn Location: 11:00

EnDerr - Winner!

  • Race: Zerg Zerg
  • Spawn Location: 5:00

Event: DreamHack SC2 Masters 2020 Winter

VOD

Have the link to the VOD?

Description

Time

  • Played on: Oct. 18, 2020, 2:34 a.m.
  • Length: 6:14

All games in this series

Show
View Real Time Build Order
Export as new Build Order

JusticeSimon Protoss 

Build Orders: Mass Adepts 

Get SALT Encoding   

  12  0:01  Probe  
  13  0:13  Probe  
  14  0:21  Pylon  
  14  0:25  Probe  
  15  0:39  Probe (Chrono Boost)  
  16  0:46  Gateway  
  16  0:48  Probe (Chrono Boost)  
  17  0:53  Probe (Chrono Boost)  
  17  0:55  Assimilator  
  18  1:07  Probe  
  19  1:14  Gateway  
  19  1:21  Probe  
  20  1:31  Pylon  
  20  1:33  Zealot  
  20  1:34  Cybernetics Core  
  22  2:03  Nexus  
  22  2:11  Adept (Chrono Boost)  
  22  2:14  Adept (Chrono Boost)  
  26  2:18  Warp Gate  
  26  2:28  Pylon  
  26  2:32  Adept (Chrono Boost)  
  26  2:36  Adept  
  28  2:41  Probe  
  31  2:48  Assimilator  
  31  2:53  Probe  
  32  3:05  Probe  
  33  3:10  Adept x2  
  37  3:17  Probe  
  36  3:22  Probe  
  35  3:27  Twilight Council  
  35  3:30  Probe (Chrono Boost)  
  35  3:34  Probe (Chrono Boost)  
  37  3:46  Probe (Chrono Boost)  
  37  3:47  Probe (Chrono Boost)  
  39  3:51  Probe (Chrono Boost)  
  39  3:53  Gateway, Probe (Chrono Boost)  
  41  3:55  Gateway  
  41  3:59  Resonating Glaives (Chrono Boost)  
  41  4:00  Probe  
  42  4:05  Probe  
  42  4:08  Adept  
  45  4:12  Adept  
  45  4:14  Probe  
  48  4:19  Pylon  
  48  4:21  Probe  
  49  4:26  Probe  
  50  4:33  Adept, Probe  
  50  4:35  Pylon  
  53  4:39  Adept  
  53  4:43  Probe  
  53  4:45  Probe  
  57  4:52  Adept x2  
  61  4:53  Adept  
  63  5:06  Adept  
  65  5:15  Adept x2  
  65  5:16  Nexus  
  65  5:19  Pylon  
  67  5:23  Adept  
  65  5:30  Adept  
  58  5:36  Adept x2  
  58  5:42  Probe  
Show
View Real Time Build Order
Export as new Build Order

EnDerr Zerg - Winner!

Build Orders: Pool First 

Get SALT Encoding   

  12  0:00  Drone  
  13  0:13  Overlord  
  13  0:17  Drone  
  14  0:31  Drone x2  
  16  0:41  Spawning Pool  
  15  0:43  Extractor  
  15  0:46  Drone  
  15  0:50  Drone  
  16  0:58  Drone  
  17  1:08  Drone  
  18  1:23  Hatchery  
  17  1:29  Zergling x2  
  18  1:35  Queen  
  20  1:45  Metabolic Boost  
  20  1:50  Overlord  
  21  1:54  Drone  
  21  1:58  Drone  
  22  2:11  Drone  
  22  2:12  Queen  
  25  2:22  Drone  
  26  2:23  Drone  
  27  2:35  Zergling x4  
  29  2:43  Zergling x4  
  31  2:45  Drone x2  
  33  2:57  Hatchery  
  32  3:02  Overlord  
  32  3:03  Drone  
  33  3:10  Pneumatized Carapace  
  33  3:14  Drone x3  
  36  3:20  Drone  
  36  3:22  Drone x2  
  39  3:27  Drone x2  
  39  3:35  Overlord  
  39  3:39  Drone x3  
  43  3:41  Drone  
  43  3:49  Roach Warren  
  42  3:58  Queen  
  42  3:59  Queen  
  46  4:10  Zergling x8  
  46  4:11  Zergling x8  
  54  4:18  Overlord  
  54  4:20  Extractor  
  54  4:24  Drone  
  54  4:35  Drone  
  54  4:36  Drone x2  
  57  4:42  Roach x4  
  65  4:48  Overlord x2  
  65  5:02  Overlord  
  65  5:11  Roach x8  
  81  5:15  Overlord x2  
  81  5:20  Roach  
  83  5:21  Roach  
  83  5:26  Zergling x8  
  83  5:27  Zergling x2  
  87  5:31  Roach  
  84  5:36  Roach  
  84  5:37  Roach  
  84  5:38  Roach  
  84  5:40  Roach  
  84  5:42  Roach  
  89  5:45  Zergling x2  
  89  5:49  Zergling x2  
Tags
 
Add a new tag
Caveats
  • Supply blocks, unpowered buildings, or Contaminate may cause inaccurate times.
  • Supply counts are checked every 10 seconds.